 Dungeon Crawl Stone Soup version 0.18-a0-1308-g45b86c9 (webtiles) character file.

226 KarvaRausku the Digger (level 5, -3/43 HPs)
             Began as a Deep Dwarf Earth Elementalist on Feb 13, 2016.
             Killed by divine providence
             ... invoked by an orc priest
              (11 damage)
             ... on level 3 of the Dungeon.
             The game lasted 00:15:38 (2432 turns).

KarvaRausku the Digger (DDEE)                       Turns: 2432, Time: 00:15:38

Health: -3/43      AC:  5    Str: 11      XL:     5   Next: 69%
Magic:  9/9        EV: 12    Int: 16 (17) God:
Gold:   109        SH:  0    Dex: 12 (13) Spells: 2 memorised, 6 levels left

rFire  . . .     SeeInvis .     g - -2 spear (curse)
rCold  . . .     Gourm    .     o - +0 leather armour
rNeg   . . .     Faith    .     (no shield)
rPois  .         Spirit   .     i - +1 helmet
rElec  .         Dismiss  .     (no cloak)
rCorr  .         Reflect  .     (no gloves)
SustAt .         Harm     .     (no boots)
MR     .....                    (no amulet)
Stlth  +.........               (no ring)
                                (no ring)

@: confused, non-regenerating, not resistant to hostile enchantments, very
unstealthy
A: damage resistance, recharge devices, sense surroundings 1, slow regeneration
3
a: Device Recharging


You were on level 3 of the Dungeon.
You were not hungry.

You visited 1 branch of the dungeon, and saw 3 of its levels.

You collected 109 gold pieces.

Inventory:

Hand Weapons
 g - a cursed -2 spear (weapon)
 h - a +0 whip
 l - a +0 mace
 q - a +1 spear
Missiles
 b - 68 stones (quivered)
Armour
 a - a +0 robe
 i - a +1 helmet (worn)
 o - a +0 leather armour (worn)
 p - a +0 robe
Wands
 d - a wand of heal wounds (2/9)
Scrolls
 j - a scroll of enchant armour
 n - 2 scrolls of identify
Potions
 e - a potion of haste {unknown}
 k - a potion of berserk rage
Books
 c - a book of Geomancy

   Spells                             Type                      Level
   a - Sandblast                      Earth                        1
   b - Passwall                       Transmutation/Earth          2
   c - Stone Arrow                    Conjuration/Earth            3
   d - Petrify                        Transmutation/Earth          4
   e - Lee's Rapid Deconstruction     Earth                        5
Comestibles
 f - 5 bread rations
 m - a slice of pizza
 r - a chunk of flesh


   Skills:
 + Level 0.5 Fighting
 + Level 0.5 Polearms
 + Level 2.9 Dodging
 - Level 2.7 Stealth
 + Level 3.0 Spellcasting
   Level 0.8 Transmutations
 + Level 6.7 Earth Magic


You had 6 spell levels left.
You knew the following spells:

 Your Spells              Type           Power        Failure   Level  Hunger
a - Sandblast             Erth           ###...       1%          1    #......
b - Stone Arrow           Conj/Erth      ##....       21%         3    ###....


Dungeon Overview and Level Annotations

Branches:
Dungeon (3/15)

Altars:


Innate Abilities, Weirdness & Mutations

You are resistant to damage.
You can recharge devices by infusing magical energy.
You passively map a small area around you.
You do not regenerate naturally.


Message History

You are confused.
An orc comes into view. It is wielding a club.
The orc shouts!
An orc comes into view.
The orc shouts!
You're too confused to cast spells.
You're too confused!
Unknown command.
You bump into the rock wall.
The orc wizard misses you.
You bump into the rock wall.
The orc priest invokes the aid of Beogh against you.
Something smites you! The orc wizard barely misses you.
You bump into the rock wall.
The orc priest mumbles some strange prayers to Beogh against you.
Something smites you!
* * * LOW HITPOINT WARNING * * *
You bump into the rock wall.
The orc priest calls down the wrath of Beogh upon you.
Something smites you!
You die...

..#
#..................######..##
..#
#..........................##
..#
#.....................).....#
..#
#.....()......#####.....>...#
o.# ###...........#
#.......... ..# ####.......##
#.......... ..#### ####'####
#.......... .....# #o######
########...
.....########ooo@..# ####
..............####.# ##
#.............# #.# #.
#.............# ##.########
#. #.............#
#.........# #.
..............#
#########.######.
..............# #........
.......########
###########....## .......#
#..............##


You could see an orc priest, an orc wizard and 2 orcs.

Vanquished Creatures
  An orc priest (D:3)
  Natasha (twice) (D:2)
  Ijyb (D:2)
  Robin (D:3)
  5 adders
  2 oozes (D:1)
  A worm (D:3)
  A giant gecko (D:3)
  5 orcs (D:3)
  A ball python (D:3)
  2 giant cockroaches
  10 goblins
  5 hobgoblins
  5 jackals
  A quokka (D:3)
  5 bats
  2 giant newts
  4 kobolds
  4 rats
58 creatures vanquished.

Notes
Turn   | Place    | Note
--------------------------------------------------------------
     0 | D:1      | KarvaRausku the Deep Dwarf Earth Elementalist began the quest for the Orb.
     0 | D:1      | Reached XP level 1. HP: 15/15 MP: 3/3
   100 | D:1      | Reached XP level 2. HP: 11/22 MP: 0/4
   623 | D:2      | Noticed Ijyb
   638 | D:2      | Killed Ijyb
   638 | D:2      | Reached skill level 5 in Earth Magic
   638 | D:2      | Reached XP level 3. HP: 14/28 MP: 0/6
  1023 | D:2      | Noticed Natasha
  1034 | D:2      | Killed Natasha
  1034 | D:2      | Reached XP level 4. HP: 19/36 MP: 1/7
  1080 | D:2      | Reached skill level 6 in Earth Magic
  1205 | D:2      | Learned a level 3 spell: Stone Arrow
  1333 | D:3      | Noticed Robin
  1363 | D:2      | Noticed Natasha
  1370 | D:2      | Killed Natasha
  1370 | D:2      | Reached XP level 5. HP: 19/42 MP: 3/9
  2146 | D:3      | Killed Robin
  2432 | D:3      | Killed from afar by an orc priest

Vault maps used:
D:1:      lemuel_arrival_broad_hall, kennysheep_boxes
D:2:      first_bread, uniq_natasha, uniq_iyjb
D:3:      uniq_robin

Action                   |  1- 3 |  4- 6 || total
-------------------------+-------+-------++-------
Melee: Unarmed           |    21 |       ||    21
       Spear             |    68 |    29 ||    97
Throw: Stone             |     1 |       ||     1
 Cast: Sandblast         |    43 |    40 ||    83
       Stone Arrow       |       |    18 ||    18
Evoke: Wand              |     2 |     1 ||     3
  Use: Scroll            |     3 |     3 ||     6
       Potion            |       |     3 ||     3
 Stab: Sleeping          |     1 |     1 ||     2
  Eat: Chunk             |     1 |     7 ||     8
